 Dungeon Crawl Stone Soup version 0.28-a0-410-gbef64dd269 (webtiles) character file.

Game seed: 14437429562578139675

62 heikuro the Skirmisher (level 4, -3/37 HPs)
             Began as a Formicid Abyssal Knight on Sept 6, 2021.
             Was a Follower of Lugonu.
             Killed by divine providence
             ... invoked by an orc priest
              (13 damage)
             ... on level 4 of the Dungeon.
             The game lasted 00:02:46 (2384 turns).

heikuro the Skirmisher (Formicid Abyssal Knight)    Turns: 2384, Time: 00:02:47

Health: -3/37      AC:  6    Str: 18    XL:     4   Next: 28%
Magic:  6/6        EV:  9    Int: 11    God:    Lugonu [*.....]
Gold:   47         SH:  5    Dex: 10    Spells: 3/3 levels left

rFire   . . .      SeeInvis +   a - +1 falchion
rCold   . . .      Faith    .   (no shield)
rNeg    . . .      Spirit   .   n - +0 scale mail
rPois   .          Reflect  +   (helmet unavailable)
rElec   .          Harm     .   (no cloak)
rCorr   .          Rampage  .   (no gloves)
Will    .....                   (no boots)
Stlth   ..........              c - amulet of reflection
HPRegen 0.12/turn               (no ring)
MPRegen 0.10/turn               (no ring)

@: no status effects
A: permanent stasis, dig shafts and tunnels, antennae 3, four strong arms
a: Dig, Shaft Self, Renounce Religion, Depart the Abyss


You were on level 4 of the Dungeon.
You worshipped Lugonu.
Lugonu was aware of your devotion.
You visited 1 branch of the dungeon, and saw 4 of its levels.
You visited the Abyss 1 time.

You collected 47 gold pieces.

Inventory:

Hand Weapons
 a - a +1 falchion (weapon)
Missiles
 d - 20 poisoned darts (quivered)
Armour
 j - a +0 ring mail
 n - a +0 scale mail (worn)
Jewellery
 c - an amulet of reflection (around neck)
Scrolls
 b - a scroll of identify {unknown}
 f - a scroll of amnesia {unknown}
 g - a scroll of teleportation {unknown}
 h - a scroll of enchant weapon {unknown}
 i - a scroll of noise {unknown}
 k - a scroll of summoning {unknown}
Potions
 e - a potion of curing {unknown}
 l - a potion of haste {unknown}
 m - a potion of invisibility {unknown}
 o - a potion of cancellation {unknown}


   Skills:
 + Level 3.7 Fighting
 * Level 3.0 Long Blades
 + Level 2.8 Armour
 - Level 1.0 Dodging
 + Level 2.9 Invocations


You had 3 spell levels left.
You didn't know any spells.
Your spell library was empty.

Dungeon Overview and Level Annotations

Branches:
Dungeon (3/15)

Altars:


Innate Abilities, Weirdness & Mutations

You cannot be hasted, slowed, berserked, paralysed or teleported.
You can dig through walls and to a lower floor.
You have a pair of large antennae on your head. (SInv)
Your four strong arms can wield two-handed weapons with a shield.


Message History

HP restored.
Things that are here:
a +0 dagger; 2 stones; a kobold skeleton An orc comes into view.
It is wielding a +0 whip.
The orc barely misses you.
You slash the orc!
You kill the orc!
Lugonu accepts your kill.
No target in view!
No target in view!
You see here a +0 whip.
What are your orders? t - Shout!
Orders for allies: a - Attack new target. r - Retreat! s - Stop attacking. g - Guard the area. f - Follow me.
Anything else - Cancel.
You shout for attention!
You hear a shout! x4
An orc priest comes into view. It is wielding a +0 dagger.
You see here a +0 whip.
An orc comes into view. It is wielding a +0 mace.
The orc priest casts a cantrip, but nothing happens.
An orc comes into view. It is wielding a +0 mace.
You hit the orc priest.
The orc priest is lightly wounded.
The orc priest hits you with a +0 dagger.
You completely miss the orc priest.
The orc priest is lightly wounded.
The orc hits you with a +0 mace.
The orc priest mumbles some strange prayers to Beogh against you.
Pain shoots through your body!
You barely miss the orc priest.
The orc priest is lightly wounded.
The orc hits you with a +0 mace!
* * * LOW HITPOINT WARNING * * *
The orc priest barely misses you.
The orc priest looks encouraged for a moment.
The orc priest invokes the aid of Beogh against you.
Beogh smites you!
You die...

######## #... ..## .
###.###...#### .###
#.............
...###########.###.#...####
#..)........oo# #.##.##
#############.###.# .#
#.o...# # ##########@###
#......# #.# #.# #.# #†#
#.# #.###.# #.)...# #######
{


You could see an orc priest and 2 orcs.

Vanquished Creatures
  2 adders
  2 dart slugs
  An orc (D:4)
  A ball python (D:1)
  6 endoplasms
  A giant cockroach (D:2)
  6 goblins
  4 hobgoblins
  4 jackals (D:1)
  3 kobolds
  2 bats
  A frilled lizard (D:2)
  A rat (D:1)
34 creatures vanquished.

Notes
Turn   | Place    | Note
-------+----------+-------------------------------------------
     0 | Abyss:1  | heikuro the Formicid Abyssal Knight began the quest for the
                  | Orb.
     0 | Abyss:1  | Reached XP level 1. HP: 18/18 MP: 2/2
    60 | Abyss:1  | Noticed a soul eater
    60 | D:1      | Escaped the Abyss
   256 | D:1      | Reached skill level 1 in Dodging
   377 | D:1      | Reached XP level 2. HP: 23/24 MP: 3/3
   551 | D:1      | Reached * piety under Lugonu
   552 | D:1      | Reached XP level 3. HP: 29/29 MP: 4/4
   756 | D:1      | Found a faded altar of an unknown god.
  1618 | D:2      | Reached XP level 4. HP: 34/37 MP: 6/6
  1909 | D:2      | You fall into a shaft and drop 2 floors!
  2384 | D:4      | Killed from afar by an orc priest

Illustrated notes

Levels and vault maps discovered:
D:1:      ncdulo_halloftheorcs, layout_loops_ring,
          hellmonk_ecumenical_altar_arch_garden, amethyst_killhole
D:2:      layout_loops_ring
D:3:      minmay_chambers_of_threes, layout_basic
D:4:      layout_loops_ring

Skill      XL: |  1  2  3  4 |
---------------+-------------+-----
Dodging        | 1 |  1.0
Long Blades    | 3 |  3.0
Fighting       | |  3.7
Armour         | |  2.8
Invocations    | |  2.9

Action                   |  1- 3 |  4- 6 || total
-------------------------+-------+-------++-------
Melee: Falchion          |    73 |    27 ||   100
Invok: Depart the Abyss  |     1 |       ||     1
 Abil: Dig               |       |     1 ||     1
       Shaft Self        |       |     1 ||     1
Armor: Leather armour    |     7 |       ||     7
       Ring mail         |     8 |       ||     8
       Scale mail        |       |    14 ||    14
Dodge: Dodged            |    34 |    14 ||    48
Block: Other             |    11 |     6 ||    17

Table legend: (Time is in decaauts)
 A = Elapsed time spent in this place.
 B = Non-inter-level travel time spent in this place.
 C = Inter-level travel time spent in this place.
 D = Time resting spent in this place.
 E = Time spent auto-exploring this place.
 F = Levels seen in this place.
 G = Mean time per level.
                   A        B        C        D        E       F      G
               +--------+--------+--------+--------+--------+-----+--------+
         Total |   2400 |   2345 |     55 |    777 |   1113 |   5 |  480.0 |
       Dungeon |   2340 |   2285 |     55 |    777 |   1054 |   4 |  585.0 |
         Abyss |     60 |     60 |      0 |      0 |     59 |   1 |   60.0 |
               +--------+--------+--------+--------+--------+-----+--------+

Top non-repeatable levels by time:
     D:1: 1137 daAuts
     D:2: 717 daAuts
     D:4: 477 daAuts
 Abyss:1: 60 daAuts
     D:3: 9 daAuts
